AoeStats
← KebabSpartiate

African Clearing

506079294Analyzed
3v3 RM · 21d ago on Sep 12, 2026· 52m 46s· 6 players
Game mode
Random Map
Map size
Normal (6 player)
Population
200
Speed
Normal
Resources
Standard
Victory
Conquest
Starting age
Dark Age
Ending age
Imperial Age
RankedLock teamsTeams togetherTeam positionsShared explorationLock speedFull tech treeHidden civsTurbo modeCheats
Victory
Defeat
🇮🇹 Armenians · Italy
1311
+16
🇻🇳 Franks · Vietnam
1294
+16
🇨🇳 Huns · China
1264
+17
🇫🇷 Inca · France
1313
-17
🇫🇷 Huns · France
1292
-16
🇫🇷 Georgians · France
1289
-16
拖尼
4:29 Loom
12:23 Feudal Age
19:38 Castle Age
19:31 Fletching
20:25 Double-Bit Axe
23:31 Bodkin Arrow
25:07 Bow Saw
27:33 Husbandry
28:18 Horse Collar
28:31 Gold Mining
31:27 Ballistics
31:09 Padded Archer Armor
32:51 Leather Archer Armor
33:05 Heavy Plow
33:48 Gold Shaft Mining
33:22 Thumb Ring
34:46 Wheelbarrow
33:59 Town Watch
38:40 Imperial Age
37:31 Stone Mining
39:54 Parthian Tactics
39:31 Bracer
41:12 Chemistry
41:46 Scale Mail Armor
41:57 Forging
41:56 Scale Barding Armor
43:31 Conscription
43:51 Heavy Cavalry Archer
45:51 Chain Barding Armor
45:16 Sappers
46:01 Bloodlines
45:56 Squires
45:43 Arson
48:04 Plate Barding Armor
52:00 Light Cavalry
VN_BILL
8:01 Loom
12:21 Feudal Age
13:49 Double-Bit Axe
14:33 Fletching
15:36 Padded Archer Armor
21:36 Town Watch
32:00 Castle Age
31:11 Scale Barding Armor
31:52 Forging
33:03 Bow Saw
36:05 Husbandry
38:34 Chain Barding Armor
39:04 Wheelbarrow
39:26 Iron Casting
39:30 Bodkin Arrow
45:57 Hand Cart
48:34 Imperial Age
46:35 Leather Archer Armor
48:37 Cavalier
49:54 Plate Barding Armor
50:20 Blast Furnace
50:26 Blast Furnace
50:35 Blast Furnace
49:58 Paladin
52:38 Town Patrol
54:04 Chemistry
53:24 Ballistics
53:15 Masonry
53:16 Fortified Wall
GdR_Salinaro
11:46 Feudal Age
12:18 Double-Bit Axe
15:34 Loom
18:11 Castle Age
17:11 Gold Mining
17:12 Stone Mining
19:29 Bow Saw
24:43 Wheelbarrow
24:32 Horse Collar
25:00 Town Watch
26:46 Padded Archer Armor
27:10 Fletching
28:07 Bodkin Arrow
28:53 Heavy Plow
35:16 Ballistics
35:07 Masonry
34:52 Murder Holes
38:39 Imperial Age
39:25 Gold Shaft Mining
38:41 Elite Composite Bowman
39:42 Conscription
39:24 Bracer
39:40 Leather Archer Armor
40:50 Forging
40:41 Scale Mail Armor
41:11 Hand Cart
40:27 Capped Ram
41:51 Fereters
41:52 Cilician Fleet
42:22 Hoardings
42:14 Siege Ram
43:06 Town Patrol
45:54 Ring Archer Armor
45:59 Iron Casting
45:40 Chain Mail Armor
47:38 Chemistry
46:49 Fortified Wall
KebabSpartiate
4:39 Loom
7:46 Loom
13:17 Feudal Age
18:01 Castle Age
22:57 Fletching
23:59 Bloodlines
25:36 Bodkin Arrow
29:43 Padded Archer Armor
32:31 Ballistics
33:02 Horse Collar
35:36 Wheelbarrow
35:33 Thumb Ring
36:22 Gold Mining
41:30 Heavy Plow
45:21 Imperial Age
44:15 Leather Archer Armor
45:26 Heavy Cavalry Archer
46:08 Bracer
47:09 Chemistry
46:20 Murder Holes
46:22 Double-Bit Axe
47:35 Husbandry
Sire Girard la Truie
4:00 Loom
14:15 Feudal Age
15:14 Double-Bit Axe
18:56 Castle Age
17:48 Stone Mining
18:24 Bloodlines
18:28 Scale Barding Armor
28:03 Horse Collar
31:46 Fletching
33:29 Forging
35:53 Chain Barding Armor
36:17 Husbandry
36:27 Heavy Plow
37:45 Wheelbarrow
37:17 Light Cavalry
37:47 Town Watch
39:29 Iron Casting
42:27 Imperial Age
41:12 Bodkin Arrow
42:40 Gold Mining
44:01 Plate Barding Armor
43:49 Conscription
44:11 Hand Cart
45:08 Blast Furnace
45:13 Crop Rotation
45:26 Elite Monaspa
52:54 Bracer
52:17 Elite Skirmisher
Potimarron
3:30 Loom
13:47 Feudal Age
14:50 Champi Runner
19:44 Wheelbarrow
19:19 Double-Bit Axe
29:38 Castle Age
27:42 Fletching
27:53 Padded Archer Armor
27:44 Horse Collar
29:42 Elite Skirmisher
31:51 Bow Saw
31:25 Champi Warrior
32:26 Heavy Plow
33:59 Elite Skirmisher
34:37 Bodkin Arrow
41:37 Hand Cart
Connection lost

Rejoining the realm…

Still unreachable

The connection could not be restored.

Session expired

The server has moved on; the page needs a fresh start.